Map: [ESL] Hard Lead

Players

trigger

  • Race: Protoss Protoss
  • Spawn Location: 5:00

Elazer - Winner!

  • Race: Zerg Zerg
  • Spawn Location: 11:00

Event: ESL SC2 Masters 2023 Winter (Finals)

VOD

Have the link to the VOD?

Description

Time

  • Played on: Dec. 15, 2023, 4:15 p.m.
  • Length: 6:53

All games in this series

Show
View Real Time Build Order
Export as new Build Order

trigger Protoss 

Build Orders: 1 Gate Expand, Oracle Opening 

Get SALT Encoding   

  12  0:00  Probe  
  13  0:12  Probe  
  14  0:19  Pylon  
  14  0:24  Probe  
  15  0:38  Probe (Chrono Boost)  
  15  0:40  Gateway  
  16  0:47  Probe (Chrono Boost)  
  16  0:48  Assimilator  
  17  0:52  Probe (Chrono Boost)  
  19  1:04  Probe  
  19  1:16  Probe  
  20  1:25  Nexus  
  20  1:36  Cybernetics Core  
  20  1:39  Probe  
  21  1:44  Assimilator  
  21  1:51  Probe  
  22  1:54  Pylon  
  22  2:03  Probe (Chrono Boost)  
  23  2:10  Adept (Chrono Boost)  
  26  2:16  Probe (Chrono Boost)  
  26  2:18  Stargate  
  26  2:21  Probe (Chrono Boost)  
  27  2:25  Warp Gate  
  27  2:31  Probe  
  27  2:33  Adept  
  30  2:37  Probe  
  30  2:43  Probe  
  32  2:49  Probe  
  33  2:55  Probe  
  34  2:58  Oracle (Chrono Boost)  
  34  3:01  Probe (Chrono Boost)  
  34  3:04  Adept  
  40  3:11  Probe (Chrono Boost)  
  41  3:13  Pylon  
  41  3:14  Probe (Chrono Boost)  
  43  3:21  Probe (Chrono Boost)  
  43  3:22  Probe (Chrono Boost)  
  43  3:23  Gateway  
  44  3:28  Probe  
  44  3:31  Probe  
  46  3:34  Pylon  
  46  3:36  Oracle (Chrono Boost)  
  46  3:40  Probe  
  50  3:44  Probe  
  51  3:54  Nexus  
  51  3:56  Probe  
  51  3:57  Probe  
  51  4:02  Pylon  
  53  4:09  Probe  
  54  4:10  Assimilator  
  54  4:12  Assimilator  
  54  4:13  Oracle  
  57  4:22  Probe (Chrono Boost)  
  57  4:23  Probe (Chrono Boost)  
  59  4:25  Twilight Council  
  59  4:28  Forge  
  59  4:37  Probe x2 (Chrono Boost)  
  61  4:42  Probe (Chrono Boost)  
  61  4:45  Pylon  
  63  4:46  Gateway, Probe (Chrono Boost)  
  63  4:50  Gateway  
  63  4:53  Probe (Chrono Boost)  
  65  5:03  Probe (Chrono Boost)  
  65  5:04  Probe (Chrono Boost)  
  67  5:08  Probe (Chrono Boost)  
  67  5:09  Shield Battery  
  67  5:14  Probe (Chrono Boost)  
  69  5:15  Probe x2 (Chrono Boost)  
  69  5:20  Probe x2 (Chrono Boost)  
  72  5:21  Probe  
  72  5:24  Stalker x2  
  77  5:28  Gateway  
  77  5:32  Probe  
  77  5:34  Gateway, Probe  
  80  5:44  Probe  
  80  5:46  Robotics Facility  
  80  5:48  Assimilator, Pylon  
  80  5:49  Stalker x2  
  84  5:54  Stalker x2  
  84  6:02  Pylon  
  87  6:07  Shield Battery  
  87  6:08  Shield Battery  
  84  6:14  Photon Cannon  
  84  6:15  Photon Cannon  
  84  6:16  Shield Battery  
  84  6:17  Shield Battery  
  84  6:18  Stalker x2  
  86  6:19  Stalker  
  86  6:23  Stalker  
  89  6:26  Stalker  
  87  6:33  Stalker  
  87  6:37  Shield Battery  
  87  6:38  Photon Cannon  
  88  6:40  Photon Cannon  
  88  6:42  Pylon  
  88  6:45  Zealot  
  88  6:46  Zealot x2  
  87  6:48  Pylon  
Show
View Real Time Build Order
Export as new Build Order

Elazer Zerg - Winner!

Build Orders: Hatch First 

Get SALT Encoding   

  12  0:00  Drone  
  13  0:12  Overlord  
  13  0:17  Drone  
  14  0:30  Drone x2  
  16  0:48  Hatchery  
  15  0:52  Drone  
  15  0:55  Drone  
  17  0:58  Drone  
  18  1:09  Extractor  
  17  1:13  Spawning Pool  
  17  1:17  Drone  
  17  1:22  Drone  
  18  1:28  Drone  
  19  1:39  Drone  
  20  1:49  Overlord  
  20  1:59  Queen  
  20  2:00  Drone, Queen  
  26  2:01  Zergling x2  
  26  2:11  Drone  
  26  2:13  Zergling x2  
  26  2:14  Metabolic Boost  
  28  2:21  Drone  
  28  2:22  Zergling x2  
  30  2:31  Drone  
  30  2:32  Drone  
  32  2:37  Queen  
  34  2:46  Hatchery  
  33  2:52  Drone, Overlord  
  34  2:59  Queen  
  36  3:11  Drone x5  
  41  3:16  Queen  
  43  3:20  Overlord  
  43  3:22  Drone  
  44  3:29  Overlord  
  44  3:39  Queen  
  46  3:43  Drone x6  
  46  3:48  Drone x3  
  55  3:50  Drone  
  56  3:56  Overlord  
  56  3:59  Queen  
  56  4:00  Drone  
  59  4:04  Spore Crawler  
  59  4:06  Spore Crawler  
  59  4:08  Drone  
  59  4:09  Drone  
  59  4:11  Drone  
  59  4:15  Drone x3  
  63  4:19  Drone x3  
  66  4:24  Overlord  
  66  4:26  Drone x2  
  68  4:35  Drone x2  
  68  4:38  Extractor  
  68  4:39  Roach Warren  
  68  4:41  Drone x5  
  68  4:42  Extractor  
  68  4:44  Drone  
  70  4:48  Extractor  
  70  4:49  Zergling x10  
  70  4:52  Zergling x4  
  76  4:55  Lair  
  76  4:59  Overlord  
  75  5:03  Overlord  
  74  5:09  Overlord  
  74  5:10  Overlord  
  74  5:12  Spore Crawler  
  75  5:21  Roach x7  
  75  5:24  Roach x2  
  91  5:29  Roach  
  91  5:35  Zergling x10  
  96  5:45  Overlord  
  96  5:46  Ravager  
  96  5:47  Ravager x2  
  96  5:48  Zergling x12  
  105  5:53  Zergling x8  
  106  5:59  Zergling x2  
  106  6:00  Ravager x2  
  106  6:01  Roach x2  
  106  6:03  Zergling x2  
  106  6:04  Zergling x2  
  107  6:13  Zergling x12  
  109  6:18  Ravager x2  
  109  6:21  Ravager  
  109  6:22  Zergling x2, Ravager  
  109  6:23  Zergling x8  
  110  6:33  Zergling x6  
  110  6:35  Ravager x2  
Tags
 
Add a new tag
Caveats
  • Supply blocks, unpowered buildings, or Contaminate may cause inaccurate times.
  • Supply counts are checked every 10 seconds.